 Dungeon Crawl Stone Soup version 0.25-a0-86-ga6f17ae7d4 (webtiles) character file.

Game seed: 9438783130590827214, levelgen mode: deterministic

49 D1HalberdGnoll the Sneak (level 3, -5/18 HPs)
             Began as a Vine Stalker Assassin on Nov 9, 2019.
             Slain by a gnoll
             ... wielding a +0 spear
              (6 damage)
             ... on level 2 of the Dungeon.
             The game lasted 00:01:40 (1340 turns).

D1HalberdGnoll the Sneak (Vine Stalker Assassin)    Turns: 1340, Time: 00:01:41

Health: -5/18      AC:  3    Str: 14    XL:     3   Next: 75%
Magic:  0/4        EV: 11    Int: 11    God:
Gold:   70         SH:  0    Dex: 15    Spells: 2/2 levels left

rFire    . . .     SeeInvis .   a - +2 dagger
rCold    . . .     Gourm    .   (no shield)
rNeg     . . .     Faith    .   b - +0 robe
rPois    .         Spirit   +   (no helmet)
rElec    .         Reflect  .   c - +0 cloak
rCorr    .         Harm     .   (no gloves)
MR       .....                  (no boots)
Stlth    +++.......             (no amulet)
HPRegen  0.06/turn              (no ring)
MPRegen  0.09/turn              (no ring)

@: no status effects
A: fangs 2, magic shield, antimagic bite, no potion heal 3, rot immunity
a: no special abilities


You were on level 2 of the Dungeon.
You were not hungry.

You visited 1 branch of the dungeon, and saw 2 of its levels.

You collected 70 gold pieces.

Inventory:

Hand Weapons
 a - a +2 dagger (weapon)
Missiles
 d - 3 poisoned darts (quivered)
 e - 2 curare-tipped darts
Armour
 b - a +0 robe (worn)
 c - a +0 cloak (worn)
Jewellery
 i - an uncursed ring of wizardry {unknown}
 m - a cursed ring of teleportation {unknown}
Scrolls
 g - 2 scrolls of identify {unknown}
 n - a scroll of teleportation {unknown}
Potions
 h - a potion of might {unknown}
 j - a potion of mutation {unknown}
 k - a potion of curing {unknown}
 l - a potion of brilliance {unknown}
Comestibles
 f - 3 rations


   Skills:
 + Level 2.3 Fighting
 + Level 2.3 Short Blades
 - Level 1.7 Throwing
 - Level 0.7 Dodging
 * Level 5.8 Stealth


You had 2 spell levels left.
You didn't know any spells.
Your spell library was empty.

Dungeon Overview and Level Annotations

Branches:
Dungeon (2/15)

Altars:


Innate Abilities, Weirdness & Mutations

You have extremely sharp teeth.
When hurt, damage is shared between your health and your magic reserves.
Your bite disrupts and absorbs the magic of your enemies.
Potions cannot restore your health.
You are immune to rotting.


Message History

You hit the gnoll but do no damage.
The gnoll is lightly wounded.
The gnoll hits you with a +0 spear.
You hit the gnoll but do no damage.
The gnoll is lightly wounded.
The gnoll barely misses you.
You hit the gnoll. You bite the gnoll. You drain its power.
You feel invigorated.
The gnoll is heavily wounded.
Throwing (i - inventory. (/) - cycle)
d - 4 poisoned darts (quivered)
Press: ? - help, Shift-Dir - straight line, f/p - gnoll
Aim: a gnoll, wielding a +0 spear and wearing a +0 leather armour (heavily wounded, poisoned)
You throw a poisoned dart. The poisoned dart hits the gnoll.
The gnoll is poisoned.
The gnoll hits you from afar with a +0 spear.
* * * LOW HITPOINT WARNING * * *
You hit the gnoll but do no damage. The gnoll hits you with a +0 whip!
* * * LOW HITPOINT WARNING * * *
The gnoll hits you from afar with a +0 spear!
You die...

....###g.### ##..
#g...# #. #.##.#
#.. #g##.#
.###..###.##.#
........(.##.#
####.#g####.# .
#g# #.# ##. #@#
#.# #..
#.####.#####.# #.#
#.รท..........#
#.#
######.#########.#
#........##.#
########.##.#
#####...#.#
......#...#
#####...###


You could see 2 gnolls.

Vanquished Creatures
  2 gnolls (D:2)
  2 leopard geckos (D:1)
  3 giant cockroaches (D:1)
  4 hobgoblins
  4 kobolds (D:1)
  5 bats
  2 frilled lizards (D:1)
  A goblin (D:1)
  6 rats (D:1)
29 creatures vanquished.

Notes
Turn   | Place    | Note
-------+----------+-------------------------------------------
     0 | D:1      | D1HalberdGnoll the Vine Stalker Assassin began the quest
                  | for the Orb.
     0 | D:1      | Reached XP level 1. HP: 11/11 MP: 2/2
    93 | D:1      | Reached skill level 5 in Stealth
   360 | D:1      | Reached XP level 2. HP: 15/15 MP: 3/3
   761 | D:1      | Reached XP level 3. HP: 18/18 MP: 4/4
  1340 | D:2      | Slain by a gnoll

Levels and vault maps discovered:
D:1:      elethiomel_arrival_maze, layout_rooms, serial_forest,
          infiniplex_forest_clump_diagonal, infiniplex_forest_end_3,
          infiniplex_forest_zigzag_2, infiniplex_forest_split
D:2:      layout_loops_ring

Skill      XL: |  1 |
---------------+----+-----
Stealth        | 5 |  5.8
Fighting       | 2 |  2.3
Short Blades   | 2 |  2.3
Throwing       | |  1.7
Dodging        | |  0.7

Action                   || total
-------------------------++-------
Melee: Dagger            ||    63
       Bite              ||    10
Throw: Dart              ||     8
 Stab: Sleeping          ||    10
  Eat: Chunk             ||     1
Armor: Robe              ||    25
Dodge: Dodged            ||    42

Table legend:
 A = Non-vault XP
 B = Vault XP
 C = Vault XP percentage of total XP
 D = Non-vault monster count
 E = Vault monster count
 F = Vault count percentage of total count
                 A         B        C        D         E       F
            +---------+---------+-------+---------+---------+-------
      Total |      70 |       0 |   0.0 |      29 |       0 |   0.0
            +---------+---------+-------+---------+---------+-------
        D:1 |      39 |       0 |   0.0 |      25 |       0 |   0.0
        D:2 |      31 |       0 |   0.0 |       4 |       0 |   0.0
            +---------+---------+-------+---------+---------+-------
